MingLee, lawful female dwarven Valkyrie --------- |.......--- ---..--.....| |.%.........--- --- |.........>...| ... ----- ---...........| --------.... --.|.-- --...--...|.--- |........... |..)..| --....|----|...| |...------- ......-- --....-- ---.--- --...| -......| |...--- -.--...| --...- |-.....------.--- ---.......--- |..... |..)..%..-|...| --......|....| --..... --.)....%.|.--- --[....----.|.--- |...... .........(.| ----..--^.| --|...-- |..<... --.........-----|```h.||..-- ---..| --..... .............|.--```H----..- |..| --.|. ---...............`....-- --.` ---- .| ....%..--...---...`.`...| |. --.|..|---- --.......-- |.. ----- -----.--- --- MingLee the Fighter Experience level: 9 Strength: 18/07 Dexterity: 15 Constitution: 18 Intelligence: 7 Wisdom: 8 Charisma: 7 Health: 0(92) Energy: 10(10) Def: 13 Gold: 0 Moves: 10894 Dungeon seed: NJB3JrToaBRoV5vJ Game ID: MingLee_1608994795 Your Inventory: Amulets M - an uncursed amulet of reflection (being worn) Weapons a - the blessed rustproof +1 Excalibur (weapon in hand) g - 8 uncursed +0 daggers (in quiver) Y - the blessed greased +0 Sceptre of Might Armor e - an uncursed +3 small shield (being worn) q - an uncursed +0 elven cloak (being worn) r - an uncursed +0 pair of leather gloves (being worn) u - an uncursed +0 elven mithril-coat (being worn) y - an uncursed +0 pair of elven boots (being worn) C - an uncursed +0 elven leather helm (being worn) Comestibles L - an uncursed lizard corpse Wands D - an uncursed wand of striking (0:1) Tools b - an uncursed oilskin sack h - a blessed +0 unicorn horn k - an uncursed skeleton key U - a cursed oil lamp (lit) (0:332) Contents of the oilskin sack: 274 gold pieces an uncursed amulet of reflection 2 uncursed C-rations an uncursed K-ration 15 uncursed food rations an uncursed lembas wafer 2 uncursed scrolls of blank paper a cursed scroll of blank paper an uncursed scroll of confuse monster an uncursed scroll of destroy armor a cursed scroll of earth an uncursed scroll of enchant armor a blessed scroll of fire an uncursed scroll of food detection an uncursed scroll of identify a cursed scroll of magic mapping an uncursed scroll of punishment 6 uncursed potions of booze an uncursed potion of extra healing an uncursed potion of hallucination an uncursed potion of healing 3 potions of holy water an uncursed potion of object detection an uncursed potion of restore ability a potion of unholy water an uncursed ring of cold resistance an uncursed ring of cold resistance a cursed -1 ring of increase damage an uncursed ring of protection from shape changers an uncursed ring of protection from shape changers an uncursed ring of see invisible a blessed wand of create monster (0:11) a cursed wand of secret door detection (0:10) an uncursed wand of speed monster (0:6) 7 cursed tallow candles (0:200) an uncursed ruby Spells and supernatural/magical abilities: Name Level Category Fail Memory W - pray for help -- divine ? -- Your skills at the end: Fighting Skills Weapon Skills dagger [Basic] long sword [Skilled] Spellcasting Skills Final Attributes: You were piously aligned. You were cold resistant. You were sleep resistant. You were poison resistant. You were level-drain resistant. You were magic-protected. You had automatic searching. You had infravision. You were stealthy. You caused conflict. You were fast. You had reflection. You were lucky. You are dead. Vanquished creatures: 2 giant mimics a wumpus an air elemental a black naga a small mimic a xan an ogre lord a troll a gelatinous cube a flaming sphere a tiger a tengu a red naga 4 soldiers a succubus 2 chameleons 2 giant beetles a panther 2 leprechauns an orc-captain a giant spider a gnome king a dwarf mummy a gold golem a lizard 2 dogs 2 dingos 2 jaguars a blue jelly a black unicorn 2 dust vortices a raven 7 Woodland-elves 3 soldier ants an imp a wood nymph 2 water nymphs 22 Mordor orcs 10 Uruk-hai a rock mole a pony a fog cloud 3 shriekers 2 violet fungi 8 gnome lords 2 gnomish wizards a kobold mummy a red naga hatchling a black naga hatchling a guardian naga hatchling 4 gray oozes 2 elf zombies a straw golem a paper golem 2 giant ants 3 little dogs 3 floating eyes 2 kittens 4 dwarves 2 homunculi 3 kobold lords 2 hill orcs 7 rothes 4 giant bats a monkey 6 orc zombies 2 dwarf zombies a wererat a werejackal 4 iguanas 16 killer bees an acid blob a coyote 4 gas spores 6 hobbits a large kobold a hobgoblin 10 giant rats a cave spider 2 yellow molds 2 green molds 30 gnomes 9 garter snakes a gnome zombie 5 geckos 22 jackals 7 foxes 4 kobolds 4 goblins 9 sewer rats 6 grid bugs 2 bats 14 lichens 4 kobold zombies 8 newts 336 creatures vanquished. Voluntary challenges: You used a wielded weapon 424 times, starting on turn 268. You read items or engraved 285 times, starting on turn 1898. You never genocided any monsters. You never polymorphed an object. You never changed form. You used 1 wish, starting on turn 8204. You wished for your your first artifact on turn 8204. You never split a pudding. You wrote Elbereth's name 262 times, starting on turn 2082. You violated your moral code, losing 140 points of alignment, starting on turn 4832. Dungeon overview: The Dungeons of Doom: levels 1 to 8 Level 1 an altar to Odin, a fountain a long staircase Level 2 a fountain Level 3 a general store, some fountains Level 4 stairs to The Gnomish Mines Level 5 some fountains Level 6 stairs to Sokoban Level 7 a fountain Level 8 The Gnomish Mines: levels 5 to 13 Level 5 stairs to The Dungeons of Doom Level 6 Level 7 Level 8 many shops, a temple to Tyr, some fountains Level 9 Level 10 Level 11 <- You were here Level 12 Level 13 a fountain Sokoban: levels 2 to 5 Level 2 Level 3 Level 4 Level 5 stairs to The Dungeons of Doom History has recorded: On T:1 you entered the Dungeons of Doom to retrieve the Amulet of Yendor! On T:319 you reached level 2 of The Dungeons of Doom. On T:346 you reached level 3 of The Dungeons of Doom. On T:383 you advanced to experience level 2. On T:969 you advanced to experience level 3. On T:1271 you reached level 4 of The Dungeons of Doom. On T:1444 you advanced to experience level 4. On T:1844 you reached level 5 of The Dungeons of Doom. On T:2055 you reached level 7 of The Dungeons of Doom. On T:2065 you reached level 8 of The Dungeons of Doom. On T:2093 you advanced to experience level 5. On T:2542 you advanced to experience level 6. On T:2646 you reached level 6 of The Dungeons of Doom. On T:2778 you reached level 4 of Sokoban. On T:3433 you advanced to experience level 7. On T:3750 you reached level 1 of The Gnomish Mines. On T:3768 you reached level 2 of The Gnomish Mines. On T:4124 you reached level 3 of The Gnomish Mines. On T:4388 you reached level 4 of The Gnomish Mines. On T:5362 you reached level 3 of Sokoban. On T:5824 you advanced to experience level 8. On T:5918 you reached level 2 of Sokoban. On T:6275 you reached level 1 of Sokoban. On T:8035 you reached level 5 of The Gnomish Mines. On T:8204 you wished for "holy greased +3 sceptre of might". On T:8407 you advanced to experience level 9. On T:8426 you reached level 6 of The Gnomish Mines. On T:8493 you reached level 7 of The Gnomish Mines. On T:8934 you reached level 8 of The Gnomish Mines. On T:9147 you reached level 9 of The Gnomish Mines. Score breakdown: Gold: 274 ( 8297 points) Experience: 9 levels (15756 points) Exploration: 13 levels ( 27.66%) (15322 points) Discoveries: 18 items ( 7.32%) ( 8115 points) Valuables value: (no points given unless you survive) Artifact value: 6500 (12970 points) Variety of kills: 95 monsters ( 24.93%) (14980 points) Turncount: 10894 turns (-2505 points) Survival: died (score multiplied by 80%) Total score: 58348 Latest messages: Velkommen MingLee, the dwarven Valkyrie, welcome back to NetHack! You are lucky! Full moon tonight. (2x) D - an uncursed wand of striking. The wand hits the minotaur! D - an uncursed wand of striking. The wand misses the minotaur. The minotaur hits! (2x) You die... Final status: Farvel MingLee the Valkyrie, killed by a minotaur... You died in The Gnomish Mines on dungeon level 11 with 58348 points, and 274 pieces of gold, after 10894 moves. You were level 9 with a maximum of 92 hit points when you died.